 Dungeon Crawl Stone Soup version 0.24-a0-487-g57318f2ed0 (webtiles) character file.

Game seed: 13988822207868019138

1518 Peloso the Shield-Bearer (level 8, -6/70 HPs)
             Began as a Minotaur Fighter on July 10, 2019.
             Was a Follower of Okawaru.
             Mangled by a gnoll
             ... wielding a cursed -1 halberd
              (14 damage)
             ... on level 6 of the Dungeon.
             The game lasted 00:11:57 (5411 turns).

Peloso the Shield-Bearer (Minotaur Fighter)         Turns: 5411, Time: 00:11:57

Health: -6/70      AC: 10    Str: 21    XL:     8   Next: 54%
Magic:  7/7        EV:  7    Int:  5    God:    Okawaru [*.....]
Gold:   123        SH: 11    Dex: 12    Spells: 7/7 levels left

rFire    . . .     SeeInvis .   o - +0 long sword
rCold    + . .     Gourm    .   c - +0 shield
rNeg     . . .     Faith    .   g - +0 chain mail
rPois    .         Spirit   .   (helmet restricted)
rElec    .         Reflect  .   (no cloak)
rCorr    .         Harm     .   (no gloves)
MR       .....                  (no boots)
Stlth    ..........             (no amulet)
HPRegen  0.21/turn              j - ring of protection from cold
MPRegen  0.10/turn              (no ring)

@: no status effects
A: retaliatory headbutt, horns 2
a: Heroism, Renounce Religion


You were on level 6 of the Dungeon.
You worshipped Okawaru.
Okawaru was aware of your devotion.
You were hungry.

You visited 2 branches of the dungeon, and saw 7 of its levels.
You also visited: Sewer.

You collected 259 gold pieces.
You spent 136 gold pieces at shops.

Inventory:

Hand Weapons
 o - a +0 long sword (weapon)
Armour
 b - a +0 scale mail
 c - a +0 shield (worn)
 g - a +0 chain mail (worn)
Jewellery
 j - a ring of protection from cold (left hand)
 s - an uncursed amulet of the gourmand {unknown}
Wands
 u - a wand of random effects (10)
Scrolls
 a - a scroll of blinking
 d - 2 scrolls of fog {unknown}
 h - a scroll of amnesia {unknown}
 k - a scroll of remove curse
 l - 3 scrolls of identify {unknown}
 q - a scroll of enchant armour {unknown}
 t - a scroll of fear {unknown}
 v - 4 scrolls of teleportation
 x - a scroll of noise {unknown}
 y - a scroll of magic mapping {unknown}
 A - a scroll of random uselessness {unknown}
 B - a scroll of enchant weapon
Potions
 e - 2 potions of haste {unknown}
 i - 2 potions of mutation {unknown}
 m - 2 potions of resistance {unknown}
 n - a potion of heal wounds {unknown}
 p - 2 potions of brilliance {unknown}
 r - a potion of ambrosia {unknown}
 w - a potion of curing {unknown}
 z - a potion of agility {unknown}
Comestibles
 f - 6 rations


   Skills:
 + Level 5.8 Fighting
 + Level 7.7 Long Blades
 + Level 6.6 Armour
 + Level 2.2 Dodging
 + Level 0.3 Stealth
 + Level 7.8 Shields
 + Level 0.1 Unarmed Combat


You had 7 spell levels left.
You didn't know any spells.
Your spell library contained the following spells:

 Spells                   Type           Power        Failure   Level  Hunger
 Beastly Appendage        Tmut           #.....       100%        1    ##.....
 Sticks to Snakes         Tmut           #.......     100%        2    ###....
 Spider Form              Tmut/Pois      #.........   100%        3    ####...
 Ice Form                 Ice/Tmut       #.......     100%        4    #####..
 Blade Hands              Tmut           #.........   100%        5    ######.


Dungeon Overview and Level Annotations

Branches:
Dungeon (6/15)             Temple (1/1) D:5

Altars:
Ashenzari
Elyvilon
Gozag
Makhleb
Okawaru
Ru
Xom
Zin

Shops:
D:4 :=%   D:6 *


Innate Abilities, Weirdness & Mutations

You reflexively headbutt those who attack you in melee.
You have a pair of horns on your head.


Message History

The gnoll hits you with a cursed -1 halberd.
You block the gnoll's attack.
You closely miss the gnoll. The gnoll hits you but does no damage.
You block the gnoll's attack. The gnoll hits you but does no damage.
You barely miss the gnoll. The gnoll hits you but does no damage.
The gnoll hits you with a cursed +0 halberd.
The gnoll hits you with a cursed -1 halberd.
* * * LOW HITPOINT WARNING * * *
Unknown command.
You completely miss the gnoll.
The gnoll is heavily wounded.
You block the gnoll's attack.
The gnoll hits you with a cursed +0 halberd!
* * * LOW HITPOINT WARNING * * *
You block the gnoll's attack. The gnoll hits you but does no damage.
You hit the gnoll. You headbutt the gnoll.
The gnoll is severely wounded.
You block the gnoll's attack.
The gnoll hits you with a cursed -1 halberd!
You die...

.......###.###
###..##.........
......## ###
##.........######
.....##
###........####
......)
##............#
########
###...####.####.##
##.....##.....##..#
#......#.......#..##
#.....g#.......#..)##
#...g@..._....)...#
##...#g......#.....#
##..#.......#...<.#
....##.....##......#
###.. ###.####....###
##. ..... ....##
##.<###.....### ##
##.###


You could see 3 gnolls.

Vanquished Creatures
  Prince Ribbit (D:6)
  A phantom (D:6)
  2 centaurs
  2 ogres
  2 bullfrogs
  A crimson imp (D:5)
  A bullfrog zombie (D:6)
  5 hounds
  A bullfrog skeleton (D:5)
  2 worker ants
  A killer bee zombie (D:4)
  4 gnolls
  17 adders
  10 oozes
  An adder skeleton (D:4)
  2 worms
  2 dart slugs
  25 leopard geckos
  11 orcs
  16 ball pythons
  5 bats (D:1)
  15 giant cockroaches
  8 goblins
  7 hobgoblins
  18 jackals
  A quokka (D:2)
  22 frilled lizards
  A jackal skeleton (D:4)
  11 kobolds
  19 rats
214 creatures vanquished.

Notes
Turn   | Place    | Note
-------+----------+-------------------------------------------
     0 | D:1      | Peloso the Minotaur Fighter began the quest for the Orb.
     0 | D:1      | Reached XP level 1. HP: 19/19 MP: 0/0
    48 | D:1      | Reached XP level 2. HP: 19/27 MP: 1/1
   407 | D:1      | Reached XP level 3. HP: 30/33 MP: 2/2
   571 | D:2      | Found a sacrificial altar of Ru.
   766 | D:2      | Reached XP level 4. HP: 26/40 MP: 3/3
   855 | D:2      | Noticed an ogre
   861 | D:2      | Killed an ogre
   861 | D:2      | Reached skill level 1 in Dodging
   861 | D:2      | Reached XP level 5. HP: 21/47 MP: 4/4
  1709 | D:2      | Reached skill level 5 in Shields
  2725 | D:4      | Reached XP level 6. HP: 50/53 MP: 5/5
  2768 | D:4      | Reached skill level 5 in Long Blades
  2797 | D:4      | Found Toarabic's Jewellery Boutique.
  2879 | D:4      | Found Bucwuw's Book Shop.
  3115 | D:4      | Found Behuf's Food Emporium.
  3196 | D:4      | Found Zugept's Antique Weapon Emporium.
  3236 | D:5      | Entered Level 5 of the Dungeon
  3362 | D:5      | Found an opulent altar of Gozag.
  3410 | D:5      | Reached XP level 7. HP: 39/60 MP: 6/6
  3415 | D:5      | Reached skill level 5 in Armour
  3424 | D:5      | HP: 3/60 [gnoll/+0 flail (3)]
  3474 | D:5      | Reached skill level 5 in Fighting
  3563 | D:5      | Found a glowing drain.
  3601 | Sewer    | Entered a sewer
  4614 | D:5      | Found a staircase to the Ecumenical Temple.
  4848 | Temple   | Entered the Ecumenical Temple
  4937 | Temple   | Became a worshipper of Warmaster Okawaru
  5031 | D:6      | Noticed Prince Ribbit
  5042 | D:6      | Killed Prince Ribbit
  5042 | D:6      | Reached * piety under Okawaru
  5042 | D:6      | Reached XP level 8. HP: 60/69 MP: 7/7
  5317 | D:6      | Found Ocrec's General Store.
  5328 | D:6      | Bought a scroll of enchant weapon for 97 gold pieces
  5328 | D:6      | Bought a scroll of teleportation for 39 gold pieces
  5377 | D:6      | Found a glowing silver altar of Zin.
  5411 | D:6      | Mangled by a gnoll

Levels and vault maps discovered:
D:1:      erik_arrival_orb_chamber, layout_rooms, kennysheep_pointless_box
D:2:      minmay_chambers_of_ones, layout_basic,
          nicolae_ru_the_path_less_chosen, corexii_shack,
          chequers_decorated_corner, minmay_shallow_snake_nest
D:3:      layout_basic, serial_curves, eino_curves_04, eino_curves_01
D:4:      layout_rooms, first_ration, serial_shops, shop, shop,
          kennysheep_little_box, shop, st_stairs_5
D:5:      layout_loops_corners, minmay_temple_entry_antechambers,
          cheibrodos_sewer_entry_drain,
          nicolae_gozag_cash_rules_everything_around_me
D:6:      layout_cave_pods, old_standard_altar, serial_shops, shop,
          minivault_25, minivault_24, uniq_duvessa, uniq_prince_ribbit1
Temple:   regret_index_temple_generic_petals

Skill      XL: |  1  2  3  4  5  6  7  8 |
---------------+-------------------------+-----
Armour         | 4 5 6 |  6.6
Shields        | 4 5 6 7 |  7.8
Fighting       | 4 5 |  5.8
Long Blades    | 3 4 5 7 |  7.7
Dodging        | 1 2 |  2.2
Stealth        | |  0.3
Unarmed Combat | |  0.1

Action                   |  1- 3 |  4- 6 |  7- 9 || total
-------------------------+-------+-------+-------++-------
Melee: Long sword        |   101 |   206 |   309 ||   616
       Headbutt          |    17 |    29 |    46 ||    92
       Unarmed           |       |     4 |       ||     4
  Use: Potion            |       |     1 |       ||     1
       Scroll            |       |       |     3 ||     3
  Eat: Chunk             |       |     9 |     6 ||    15
Armor: Scale mail        |    28 |       |       ||    28
       Chain mail        |    14 |   113 |   169 ||   296
Dodge: Dodged            |    39 |    62 |   107 ||   208
Block: Shield            |    68 |   137 |   215 ||   420
       Rpst.: Long sword |    17 |    16 |    30 ||    63

Table legend:
 A = Non-vault XP
 B = Vault XP
 C = Vault XP percentage of total XP
 D = Non-vault monster count
 E = Vault monster count
 F = Vault count percentage of total count
                 A         B        C        D         E       F
            +---------+---------+-------+---------+---------+-------
      Total |    1505 |     664 |  30.6 |     118 |      96 |  44.9
            +---------+---------+-------+---------+---------+-------
        D:1 |      29 |      12 |  29.3 |      20 |      12 |  37.5
        D:2 |     195 |      57 |  22.6 |      23 |      13 |  36.1
        D:3 |      75 |       0 |   0.0 |      24 |       0 |   0.0
        D:4 |     201 |       2 |   1.0 |      19 |       1 |   5.0
        D:5 |     447 |       8 |   1.8 |      22 |       3 |  12.0
        D:6 |     558 |     283 |  33.7 |      10 |       1 |   9.1
      Sewer |       0 |     302 | 100.0 |       0 |      66 | 100.0
            +---------+---------+-------+---------+---------+-------
